Map: Blueshift LE

Players

HKYoo - Winner!

  • Race: Protoss Protoss
  • League: Gold
  • Spawn Location: 1:00

BadFaith

  • Race: Zerg Zerg
  • League: Platinum
  • Spawn Location: 7:00

VOD

Have the link to the VOD?

Description

Time

  • Played on: Dec. 13, 2018, 10:44 a.m.
  • Length: 11:12
Show
View Real Time Build Order
Export as new Build Order

HKYoo Protoss - Winner!

Build Orders: Archon Immortal 

Get SALT Encoding   

  12  0:02  Probe  
  13  0:14  Probe  
  14  0:22  Pylon  
  14  0:26  Probe  
  15  0:40  Probe  
  16  0:52  Probe  
  17  1:04  Probe  
  18  1:11  Forge  
  18  1:24  Nexus  
  18  1:34  Assimilator  
  18  1:35  Pylon  
  18  1:39  Probe  
  19  1:46  Pylon  
  19  1:49  Pylon  
  19  1:57  Gateway  
  19  2:00  Probe  
  20  2:12  Probe  
  21  2:17  Photon Cannon  
  21  2:22  Assimilator  
  21  2:24  Probe  
  22  2:36  Probe  
  23  2:45  Probe  
  23  2:46  Protoss Ground Weapons Level 1  
  23  2:47  Probe, Cybernetics Core, Zealot  
  27  2:53  Probe  
  27  2:55  Probe  
  28  3:02  Probe  
  28  3:04  Probe  
  31  3:14  Probe, Pylon  
  31  3:16  Probe  
  33  3:23  Warp Gate  
  33  3:24  Stalker  
  33  3:26  Probe  
  36  3:28  Probe  
  37  3:38  Probe  
  37  3:40  Probe, Assimilator  
  39  3:45  Robotics Facility, Assimilator  
  39  3:51  Probe  
  39  3:54  Stalker  
  42  3:56  Probe  
  42  3:57  Pylon  
  43  4:03  Probe  
  43  4:08  Probe  
  45  4:15  Probe  
  46  4:20  Probe  
  47  4:27  Probe  
  47  4:30  Stalker  
  48  4:32  Probe  
  48  4:37  Pylon  
  49  4:39  Probe  
  49  4:41  Observer  
  49  4:45  Probe  
  52  4:46  Nexus  
  52  4:51  Probe  
  53  4:54  Gateway x2  
  53  5:01  Gateway  
  53  5:03  Observer, Gateway  
  55  5:07  Probe  
  55  5:09  Photon Cannon  
  55  5:17  Shield Battery, Protoss Ground Armor Level 1  
  55  5:24  Probe  
  55  5:26  Immortal  
  60  5:30  Photon Cannon  
  60  5:32  Probe  
  60  5:35  Pylon  
  61  5:41  Twilight Council  
  61  5:43  Probe  
  61  5:44  Probe  
  63  5:57  Probe x2  
  63  6:01  Probe  
  66  6:05  Immortal  
  66  6:09  Probe x2  
  72  6:14  Probe, Stalker x2  
  72  6:15  Stalker  
  72  6:17  Stalker  
  81  6:21  Probe x2  
  83  6:26  Probe  
  83  6:27  Templar Archives  
  84  6:33  Probe  
  84  6:34  Probe  
  86  6:40  Zealot x3  
  92  6:53  Pylon  
  92  6:54  Pylon  
  92  6:58  Forge  
  92  6:59  Probe  
  92  7:00  Assimilator  
  93  7:04  Assimilator  
  93  7:05  Gateway  
  93  7:07  Gateway  
  93  7:09  Gateway  
  93  7:11  Psionic Storm, Immortal  
  97  7:22  Protoss Ground Weapons Level 2  
  97  7:23  Protoss Ground Armor Level 2  
  97  7:30  High Templar x4  
  97  7:31  Probe x2  
  97  7:33  Probe  
  108  7:45  Probe  
  108  7:47  Pylon  
  109  7:55  Gateway  
  109  7:57  Gateway, Pylon  
  109  7:59  Pylon  
  111  8:05  Observer, Probe  
  111  8:06  Zealot x3  
  111  8:10  Pylon  
  117  8:15  Pylon  
  117  8:17  Pylon  
  117  8:21  Photon Cannon  
  117  8:22  Photon Cannon  
  117  8:25  Photon Cannon  
  117  8:26  Photon Cannon  
  121  8:27  Immortal  
  121  8:28  Shield Battery  
  121  8:29  Pylon, Shield Battery  
  121  8:33  Nexus  
  121  8:41  Zealot x3  
  127  8:44  High Templar  
  127  8:45  High Templar x3  
  127  8:46  High Templar  
  137  8:57  Assimilator  
  137  8:59  Archon x2  
  137  9:00  High Templar, Assimilator  
  137  9:01  High Templar, Pylon  
  137  9:02  High Templar  
  143  9:04  Zealot x2  
  143  9:06  Immortal, Pylon  
  151  9:17  Archon x2  
  151  9:18  Pylon  
  151  9:45  Immortal  
  145  9:52  Photon Cannon  
  145  9:53  Photon Cannon  
  145  9:55  Photon Cannon  
  145  9:57  Photon Cannon  
  145  9:59  Photon Cannon  
  145  10:02  Shield Battery  
  145  10:03  Robotics Facility  
  145  10:04  Zealot  
  145  10:05  Zealot x4  
  145  10:06  Probe x3  
  158  10:08  Probe  
  158  10:12  High Templar x2  
  158  10:13  High Templar x3  
  169  10:18  Probe x3  
  169  10:20  Archon  
  172  10:24  Immortal  
  172  10:27  Archon  
  176  10:49  Shield Battery  
  176  10:52  Photon Cannon  
  176  10:53  Shield Battery  
  176  10:55  Zealot x3  
  176  10:56  Zealot x2  
  186  10:57  Zealot x4  
  186  11:03  Pylon  
Show
View Real Time Build Order
Export as new Build Order

BadFaith Zerg 

Build Orders: Hatch First, Lurkers, Roach Hydra 

Get SALT Encoding   

  12  0:01  Drone  
  13  0:12  Overlord  
  13  0:16  Drone  
  14  0:31  Drone x2  
  16  0:36  Drone  
  16  1:08  Drone x3  
  19  1:12  Extractor  
  19  1:13  Hatchery  
  17  1:25  Drone  
  18  1:27  Spawning Pool  
  18  1:30  Drone  
  18  1:42  Drone  
  19  1:52  Drone  
  20  2:08  Drone  
  21  2:16  Metabolic Boost  
  21  2:18  Zergling x2  
  22  2:24  Queen  
  22  2:27  Zergling x4  
  26  2:36  Queen  
  28  2:42  Overlord  
  28  2:43  Overlord  
  28  2:56  Overlord x2  
  28  3:06  Drone x2  
  30  3:13  Drone x2  
  30  3:19  Drone x2  
  34  3:30  Drone x2  
  36  3:38  Drone x3  
  39  3:48  Hatchery, Drone  
  38  3:51  Drone  
  38  3:55  Pneumatized Carapace  
  40  3:58  Drone  
  40  3:59  Drone  
  42  4:10  Drone x4  
  42  4:14  Overlord  
  46  4:17  Drone  
  47  4:26  Drone x2  
  48  4:38  Zergling x4  
  49  4:45  Evolution Chamber x2  
  47  4:49  Lair  
  47  4:50  Roach Warren  
  47  4:51  Zergling x4  
  48  4:57  Extractor  
  48  4:59  Extractor  
  46  5:00  Queen  
  46  5:01  Queen  
  46  5:04  Drone x2  
  52  5:08  Overlord  
  52  5:27  Drone x3  
  55  5:31  Zerg Ground Armor Level 1  
  55  5:32  Zerg Missile Weapons Level 1  
  55  5:33  Spore Crawler  
  55  5:35  Spore Crawler  
  53  5:37  Queen, Hatchery  
  53  5:42  Drone x7  
  61  5:47  Drone x2  
  63  5:58  Drone x2  
  65  6:04  Overlord  
  65  6:05  Overlord  
  65  6:13  Extractor  
  65  6:16  Drone  
  65  6:19  Hydralisk Den  
  65  6:22  Extractor x2  
  65  6:24  Drone x4  
  66  6:31  Drone x3  
  69  6:35  Drone  
  69  6:37  Queen  
  72  6:40  Extractor  
  72  6:41  Overlord, Extractor  
  70  6:49  Grooved Spines  
  70  6:52  Hydralisk x3  
  76  6:54  Glial Reconstitution  
  76  6:56  Lurker Den  
  76  6:57  Roach x2  
  76  6:59  Overlord x2  
  76  7:00  Overlord  
  79  7:17  Roach x4  
  85  7:26  Hydralisk x3  
  85  7:27  Hydralisk x3  
  97  7:39  Overlord x2  
  97  7:45  Extractor  
  97  7:46  Hatchery  
  97  7:50  Extractor  
  94  7:51  Roach  
  96  8:03  Drone x5  
  101  8:09  Muscular Augments  
  101  8:12  Zerg Ground Armor Level 2  
  101  8:13  Zerg Missile Weapons Level 2  
  101  8:18  Roach  
  101  8:19  Roach, Hatchery  
  104  8:20  Overlord  
  104  8:31  Drone  
  104  8:34  Overlord x4  
  105  8:39  Lurker  
  105  8:40  Lurker x3  
  109  8:43  Drone x2  
  109  8:47  Drone  
  112  8:48  Drone  
  112  8:52  Overseer x3  
  113  8:58  Drone x4  
  113  9:00  Drone  
  118  9:10  Queen  
  119  9:26  Hydralisk x8  
  133  9:34  Hydralisk x3  
  123  9:47  Roach  
  123  9:48  Roach x8  
  125  10:00  Hydralisk x4  
  133  10:07  Drone x6  
  139  10:19  Overlord x3  
  139  10:20  Drone x4  
  143  10:25  Spire  
  143  10:26  Drone x3  
  145  10:30  Infestation Pit  
  145  10:32  Drone  
  146  10:44  Drone x5  
  146  10:45  Drone x4  
  146  10:49  Ravager x9  
  166  10:54  Drone x2  
  166  10:55  Drone  
  171  10:59  Drone x3  
Tags
 
Add a new tag
Caveats
  • Supply blocks, unpowered buildings, or Contaminate may cause inaccurate times.
  • Supply counts are checked every 10 seconds.